AoeStats
← federico.parolin

Arabia

510188793Analyzed
1v1 RM · 2d ago on Sep 29, 2026· 59m 14s· 2 players
Game mode
Random Map
Map size
Tiny (2 player)
Population
200
Speed
Normal
Resources
Standard
Victory
Conquest
Starting age
Dark Age
Ending age
Imperial Age
RankedLock teamsTeams togetherTeam positionsShared explorationLock speedFull tech treeHidden civsTurbo modeCheats
Victory
Defeat
🇦🇷 Franks · Argentina
1080
+15
🇺🇸 Bulgarians · United States
1069
-15
m4ge123
6:00 Loom
9:23 Feudal Age
9:54 Double-Bit Axe
10:02 Horse Collar
10:46 Town Watch
11:47 Arson
21:36 Castle Age
20:02 Gold Mining
20:20 Scale Barding Armor
21:38 Bloodlines
22:26 Forging
22:48 Bow Saw
22:39 Heavy Plow
23:38 Chain Barding Armor
26:37 Iron Casting
30:53 Fletching
36:14 Imperial Age
33:52 Pikeman
34:36 Scale Mail Armor
35:19 Masonry
36:20 Cavalier
37:00 Husbandry
37:36 Plate Barding Armor
38:02 Blast Furnace
37:57 Crop Rotation
38:33 Stone Mining
40:19 Wheelbarrow
39:43 Halberdier
41:10 Chain Mail Armor
43:11 Wheelbarrow
43:44 Stone Shaft Mining
43:47 Gold Shaft Mining
43:44 Squires
44:15 Plate Mail Armor
44:36 Architecture
45:08 Chemistry
44:11 Bodkin Arrow
45:25 Elite Skirmisher
47:08 Bracer
47:08 Padded Archer Armor
49:47 Hand Cart
50:47 Conscription
50:27 Stirrups
51:20 Leather Archer Armor
52:07 Chemistry
54:58 Ballistics
54:07 Light Cavalry
56:44 Hussar
57:40 Stirrups
federico.parolin
6:35 Loom
9:34 Feudal Age
10:45 Double-Bit Axe
19:19 Castle Age
19:31 Scale Barding Armor
19:37 Forging
21:04 Gold Mining
21:28 Husbandry
22:09 Iron Casting
22:37 Wheelbarrow
24:53 Chain Barding Armor
24:57 Scale Mail Armor
25:22 Pikeman
29:51 Bow Saw
30:49 Chain Mail Armor
34:16 Imperial Age
32:34 Stone Mining
32:59 Gambesons
33:14 Squires
33:09 Fletching
33:52 Ballistics
34:12 Masonry
36:41 Blast Furnace
38:10 Chemistry
37:54 Town Watch
38:25 Hand Cart
38:35 Cavalier
39:54 Plate Barding Armor
39:52 Plate Mail Armor
39:58 Plate Barding Armor
40:07 Halberdier
41:43 Gold Shaft Mining
41:24 Elite Throwing Axeman
42:19 Bodkin Arrow
45:13 Ordonnance Companies
46:28 Murder Holes
46:40 Siege Engineers
47:06 Architecture
46:29 Paladin
47:02 Treadmill Crane
53:14 Conscription
53:22 Conscription
53:38 Light Cavalry
54:46 Padded Archer Armor
54:43 Light Cavalry
Connection lost

Rejoining the realm…

Still unreachable

The connection could not be restored.

Session expired

The server has moved on; the page needs a fresh start.